PCL
EL PASO CHIHUAHUAS @ RENO ACES
09/04/2099
 
TOP OF THE 1ST
El Paso Chihuahuas batting - Pitching for Reno Aces : RHP Matt O'Bryan
Pitching: RHP Matt O'Bryan
Batting: LHB Michael Jensen 0-0: Ball
1-0: Ball
2-0: Fly out, F8 (Line Drive, 8LM, EV 95.0 MPH)
Batting: RHB Pat Holland 0-0: Called Strike
0-1: Ball
1-1: Called Strike
1-2: Foul Ball, location: 3DF
1-2: Foul Ball, location: 5FF
1-2: SINGLE (Flyball, 78S, EV 96.3 MPH)
Batting: LHB Manuel Trevino 0-0: Ball
1-0: Foul Ball, location: 2F
1-1: Ball
2-1: Ball
3-1: Foul Ball, location: 7LMF
3-2: Ground out U3 (Groundball, 3L, EV 105.6 MPH)
Pat Holland to second
Batting: RHB Edgar Pirir 0-0: Called Strike
0-1: Called Strike
0-2: Ball
1-2: Foul Ball, location: 9LMF
1-2: SINGLE (Flyball, 34D, EV 89.4 MPH)
Pat Holland to third
Runner from 3rd tries for Home, SAFE, throw by RF to home
Batting: SHB Jadon Mitchell 0-0: Called Strike
0-1: Foul Ball, location: 2LF
0-2: Ball
1-2: Strikes out swinging
Top of the 1st over - 1 run, 2 hits, 0 errors, 1 left on base; El Paso 1 - Reno 0
BOTTOM OF THE 1ST
Reno Aces batting - Pitching for El Paso Chihuahuas : RHP Daniel Beaudry
Pitching: RHP Daniel Beaudry
Batting: RHB Ron Ellis 0-0: Foul Ball, location: 9LMF
0-1: Foul Ball, location: 25FF
0-2: Foul Ball, location: 5SF
0-2: Ball
1-2: Strikes out swinging
Batting: RHB Jeff Sanfillipo 0-0: Ball
1-0: Called Strike
1-1: Ground out U3 (Groundball, 3, EV 104.4 MPH)
Batting: RHB Thomas Montgomery 0-0: Ball
1-0: Ground out 6-3 (Groundball, 6, EV 108.1 MPH)
Bottom of the 1st over - 0 runs, 0 hits, 0 errors, 0 left on base; El Paso 1 - Reno 0
TOP OF THE 2ND
El Paso Chihuahuas batting - Pitching for Reno Aces : RHP Matt O'Bryan
Batting: RHB Andy Burke 0-0: Called Strike
0-1: Ball
1-1: Ball
2-1: Called Strike
2-2: Foul Ball, location: 9LDF
2-2: SINGLE (Flyball, 3D, EV 85.0 MPH)
Batting: SHB Oscar Torres 0-0: Called Strike
0-1: Swinging Strike
0-2: SINGLE (Line Drive, 78M, EV 100.6 MPH)
Andy Burke to second
Batting: RHB Luis Vazquez 0-0: SINGLE (Groundball, 13, EV 83.1 MPH) (infield hit)
Andy Burke to third
Oscar Torres to second
Batting: RHB Chris Ell 0-0: Ball
1-0: Ball
2-0: SINGLE (Line Drive, 9S, EV 83.8 MPH)
Andy Burke scores
Oscar Torres to third
Luis Vazquez to second
Batting: LHB Michael Jensen 0-0: Fly out, F8 (Flyball, 89M, EV 95.0 MPH)
Runner from 3rd tags up, OUT at HOME! 8-2
Luis Vazquez to third
Chris Ell to second
Batting: RHB Pat Holland 0-0: Ball
1-0: Ball
2-0: Ball
3-0: Called Strike
3-1: Called Strike
3-2: Ground out 5-3 (Groundball, 5, EV 80.6 MPH)
Top of the 2nd over - 1 run, 4 hits, 0 errors, 2 left on base; El Paso 2 - Reno 0
BOTTOM OF THE 2ND
Reno Aces batting - Pitching for El Paso Chihuahuas : RHP Daniel Beaudry
Batting: LHB Tim Cooke 0-0: Ball
1-0: Foul Ball, location: 5F
1-1: Called Strike
1-2: Ball
2-2: Ball
3-2: Strikes out swinging
Batting: RHB Melvin Ramos 0-0: Ground out 4-3 (Groundball, 4, EV 107.5 MPH)
Batting: SHB Macario Castro 0-0: Called Strike
0-1: Ball
1-1: Foul Ball, location: 2F
1-2: Fly out, F8 (Flyball, 8LM, EV 94.4 MPH)
Bottom of the 2nd over - 0 runs, 0 hits, 0 errors, 0 left on base; El Paso 2 - Reno 0
TOP OF THE 3RD
El Paso Chihuahuas batting - Pitching for Reno Aces : RHP Matt O'Bryan
Batting: LHB Manuel Trevino 0-0: Ball
1-0: Ball
2-0: Ground out 4-3 (Groundball, 34, EV 90.0 MPH)
Batting: RHB Edgar Pirir 0-0: Ball
1-0: Ball
2-0: Called Strike
2-1: Foul Ball, location: 2F
2-2: Strikes out swinging
Batting: SHB Jadon Mitchell 0-0: Ball
1-0: Ball
2-0: Fly out, F8 (Flyball, 8RD, EV 103.1 MPH)
Top of the 3rd over - 0 runs, 0 hits, 0 errors, 0 left on base; El Paso 2 - Reno 0
BOTTOM OF THE 3RD
Reno Aces batting - Pitching for El Paso Chihuahuas : RHP Daniel Beaudry
Batting: LHB Josh Jessey 0-0: Foul Ball, location: 3FF
0-1: Ball
1-1: Swinging Strike
1-2: Fly out, F7 (Flyball, 7, EV 92.5 MPH)
Batting: RHB Randy Steg 0-0: Ball
1-0: Called Strike
1-1: Foul Ball, location: 2LF
1-2: Ball
2-2: Strikes out swinging
Batting: RHB Matt Knoles 0-0: Ground out 1-3 (Groundball, 15S, EV 65.6 MPH)
Bottom of the 3rd over - 0 runs, 0 hits, 0 errors, 0 left on base; El Paso 2 - Reno 0
TOP OF THE 4TH
El Paso Chihuahuas batting - Pitching for Reno Aces : RHP Matt O'Bryan
Batting: RHB Andy Burke 0-0: Ball
1-0: Called Strike
1-1: Called Strike
1-2: Strikes out swinging
Batting: SHB Oscar Torres 0-0: Called Strike
0-1: Called Strike
0-2: Foul Ball, location: 2F
0-2: Fly out, F6 (Popup, 6S, EV 78.1 MPH)
Batting: RHB Luis Vazquez 0-0: Swinging Strike
0-1: Ball
1-1: Ball
2-1: Ground out 6-3 (Groundball, 6, EV 88.1 MPH)
Top of the 4th over - 0 runs, 0 hits, 0 errors, 0 left on base; El Paso 2 - Reno 0
BOTTOM OF THE 4TH
Reno Aces batting - Pitching for El Paso Chihuahuas : RHP Daniel Beaudry
Batting: RHB Ron Ellis 0-0: Called Strike
0-1: Ball
1-1: Fly out, F7 (Flyball, 7D, EV 102.5 MPH)
Batting: RHB Jeff Sanfillipo 0-0: Called Strike
0-1: Ball
1-1: Ball
2-1: Called Strike
2-2: Ball
3-2: SINGLE (Groundball, 4MD, EV 98.1 MPH)
Batting: RHB Thomas Montgomery 0-0: Called Strike
0-1: Fly out, F8 (Flyball, 78S, EV 85.6 MPH)
Batting: LHB Tim Cooke 0-0: Ball
1-0: Foul Ball, location: 2F
1-1: Ball
2-1: Foul Ball, location: 5SF
2-2: Ball
3-2: SINGLE (Groundball, 56S, EV 72.5 MPH) (infield hit)
Jeff Sanfillipo to second
Batting: RHB Melvin Ramos 0-0: Ball
1-0: Fly out, F3 (Line Drive, 34D, EV 72.5 MPH)
Bottom of the 4th over - 0 runs, 2 hits, 0 errors, 2 left on base; El Paso 2 - Reno 0
TOP OF THE 5TH
El Paso Chihuahuas batting - Pitching for Reno Aces : RHP Matt O'Bryan
Batting: RHB Chris Ell 0-0: Ground out 6-3 (Groundball, 6, EV 106.9 MPH)
Batting: LHB Michael Jensen 0-0: Called Strike
0-1: Ball
1-1: Ball
2-1: SINGLE (Line Drive, 8RS, EV 89.4 MPH)
Batting: RHB Pat Holland 0-0: Ball
1-0: 2-RUN HOME RUN (Flyball, 8RXD, EV 101.9 MPH), Distance : 418 ft
Batting: LHB Manuel Trevino 0-0: Foul Ball, location: 25FF
0-1: Foul Ball, location: 2F
0-2: Ball
1-2: Strikes out swinging
Batting: RHB Edgar Pirir 0-0: Fly out, F7 (Flyball, 7, EV 76.9 MPH)
Top of the 5th over - 2 runs, 2 hits, 0 errors, 0 left on base; El Paso 4 - Reno 0
BOTTOM OF THE 5TH
Reno Aces batting - Pitching for El Paso Chihuahuas : RHP Daniel Beaudry
Batting: SHB Macario Castro 0-0: Ball
1-0: Called Strike
1-1: Ball
2-1: SINGLE (Groundball, 3D, EV 97.5 MPH)
Batting: LHB Josh Jessey 0-0: Called Strike
0-1: Ball
1-1: Foul Ball, location: 23F
1-2: Ball
2-2: Ball
3-2: Grounds into double play, 3-6-3 (Groundball, 3, EV 108.8 MPH)
Batting: RHB Randy Steg 0-0: Fly out, F9 (Flyball, 9D, EV 97.5 MPH)
Bottom of the 5th over - 0 runs, 1 hit, 0 errors, 0 left on base; El Paso 4 - Reno 0
TOP OF THE 6TH
El Paso Chihuahuas batting - Pitching for Reno Aces : RHP Matt O'Bryan
Batting: SHB Jadon Mitchell 0-0: Ball
1-0: Ball
2-0: Ball
3-0: Called Strike
3-1: Ground out 6-3 (Groundball, 6, EV 83.1 MPH)
Batting: RHB Andy Burke 0-0: Ball
1-0: Ball
2-0: Called Strike
2-1: Foul Ball, location: 5FF
2-2: Foul Ball, location: 2F
2-2: SOLO HOME RUN (Flyball, 7D, EV 95.0 MPH), Distance : 377 ft
Batting: SHB Oscar Torres 0-0: Ball
1-0: Swinging Strike
1-1: Called Strike
1-2: Ground out U3 (Groundball, 34, EV 84.4 MPH)
Batting: RHB Luis Vazquez 0-0: Called Strike
0-1: SINGLE (Line Drive, 9LS, EV 93.8 MPH)
Pitching: RHP Jim Unknown
Batting: RHB Chris Ell 0-0: Ball
1-0: Ball
2-0: Fly out, F9 (Flyball, 9D, EV 88.8 MPH)
Top of the 6th over - 1 run, 2 hits, 0 errors, 1 left on base; El Paso 5 - Reno 0
BOTTOM OF THE 6TH
Reno Aces batting - Pitching for El Paso Chihuahuas : RHP Daniel Beaudry
Batting: RHB Matt Knoles 0-0: Called Strike
0-1: Fly out, F7 (Flyball, 78D, EV 92.5 MPH)
Batting: RHB Ron Ellis 0-0: Called Strike
0-1: Swinging Strike
0-2: Ball
1-2: Foul Ball, location: 2F
1-2: Foul Ball, location: 2F
1-2: Strikes out looking
Batting: RHB Jeff Sanfillipo 0-0: Fly out, F7 (Flyball, 7S, EV 79.4 MPH)
Bottom of the 6th over - 0 runs, 0 hits, 0 errors, 0 left on base; El Paso 5 - Reno 0
TOP OF THE 7TH
El Paso Chihuahuas batting - Pitching for Reno Aces : RHP Jim Unknown
Batting: LHB Michael Jensen 0-0: Ball
1-0: Called Strike
1-1: SINGLE (Flyball, 8RS, EV 92.5 MPH)
Batting: RHB Pat Holland 0-0: Swinging Strike
0-1: Foul Ball, location: 2F
0-2: Ball
1-2: Ball
2-2: Fly out, F3 (Popup, 3F, EV 74.4 MPH)
Batting: LHB Manuel Trevino 0-0: Ball
Wild Pitch!
Michael Jensen to second
1-0: Called Strike
1-1: Ball
2-1: Ground out 5-3 (Groundball, 5, EV 93.1 MPH)
Michael Jensen to third
Batting: RHB Edgar Pirir 0-0: Ball
1-0: Swinging Strike
1-1: Ball
2-1: Foul Ball, location: 9LDF
2-2: Foul Ball, location: 9LSF
2-2: Ball
3-2: Foul Ball, location: 3SF
3-2: Ground out 6-3 (Groundball, 6, EV 86.3 MPH)
Top of the 7th over - 0 runs, 1 hit, 0 errors, 1 left on base; El Paso 5 - Reno 0
BOTTOM OF THE 7TH
Reno Aces batting - Pitching for El Paso Chihuahuas : RHP Daniel Beaudry
Batting: RHB Thomas Montgomery 0-0: Reached on error, E4 (Groundball, 4S, EV 76.3 MPH)
Batting: LHB Tim Cooke 0-0: Ball
1-0: Ball
2-0: Called Strike
2-1: Ball
3-1: Swinging Strike
3-2: Fly out, F9 (Flyball, 9S, EV 83.1 MPH)
Batting: RHB Melvin Ramos 0-0: Fly out, F6 (Popup, 6MS, EV 74.4 MPH)
Batting: SHB Macario Castro 0-0: Fly out, F7 (Flyball, 78M, EV 76.9 MPH)
Bottom of the 7th over - 0 runs, 0 hits, 1 error, 1 left on base; El Paso 5 - Reno 0
TOP OF THE 8TH
El Paso Chihuahuas batting - Pitching for Reno Aces : RHP Jim Unknown
Batting: SHB Jadon Mitchell 0-0: Called Strike
0-1: Swinging Strike
0-2: Foul Ball, location: 7LDF
0-2: Ball
1-2: Ball
2-2: Fly out, F9 (Flyball, 9D, EV 106.9 MPH)
Batting: RHB Andy Burke 0-0: Foul Ball, location: 3SF
0-1: Foul Ball, location: 2F
0-2: Strikes out looking
Batting: SHB Oscar Torres 0-0: Ball
1-0: Fly out, F9 (Flyball, 9D, EV 106.3 MPH)
Top of the 8th over - 0 runs, 0 hits, 0 errors, 0 left on base; El Paso 5 - Reno 0
BOTTOM OF THE 8TH
Reno Aces batting - Pitching for El Paso Chihuahuas : RHP Daniel Beaudry
Batting: LHB Josh Jessey 0-0: DOUBLE (Line Drive, 5D, EV 95.6 MPH)
Batting: RHB Randy Steg 0-0: Called Strike
0-1: Fly out, F9 (Flyball, 9LS, EV 93.1 MPH)
Batting: RHB Matt Knoles 0-0: Ground out 5-3 (Groundball, 5, EV 103.1 MPH)
Batting: RHB Ron Ellis 0-0: Swinging Strike
0-1: Ball
1-1: Ball
2-1: Ground out 6-3 (Groundball, 6, EV 86.3 MPH)
Bottom of the 8th over - 0 runs, 1 hit, 0 errors, 1 left on base; El Paso 5 - Reno 0
TOP OF THE 9TH
El Paso Chihuahuas batting - Pitching for Reno Aces : RHP Jim Unknown
Batting: RHB Luis Vazquez 0-0: Ball
1-0: Ground out 1-3 (Groundball, 13, EV 68.1 MPH)
Batting: RHB Chris Ell 0-0: Called Strike
0-1: Ball
1-1: Swinging Strike
1-2: Ground out 5-3 (Groundball, 56S, EV 72.5 MPH)
Batting: LHB Michael Jensen 0-0: Fly out, F8 (Line Drive, 8LM, EV 90.6 MPH)
Top of the 9th over - 0 runs, 0 hits, 0 errors, 0 left on base; El Paso 5 - Reno 0
BOTTOM OF THE 9TH
Reno Aces batting - Pitching for El Paso Chihuahuas : RHP Daniel Beaudry
Batting: RHB Jeff Sanfillipo 0-0: Ball
1-0: Ball
2-0: Called Strike
2-1: Ground out 6-3 (Groundball, 6, EV 83.1 MPH)
Batting: RHB Thomas Montgomery 0-0: Ball
1-0: Ball
2-0: Ball
3-0: Called Strike
3-1: Called Strike
3-2: Ground out U3 (Groundball, 34S, EV 92.5 MPH)
Batting: LHB Tim Cooke 0-0: SINGLE (Groundball, 6MD, EV 96.3 MPH)
Batting: RHB Melvin Ramos 0-0: Foul Ball, location: 23FF
0-1: Swinging Strike
0-2: Ball
1-2: Foul Ball, location: 9LSF
1-2: Ground out 4-3 (Groundball, 4, EV 83.1 MPH)
Bottom of the 9th over - 0 runs, 1 hit, 0 errors, 1 left on base; El Paso 5 - Reno 0
Tuesday, May 14th , 2024 - OOTP Baseball 24.11 Build 85